 Dungeon Crawl Stone Soup version 0.31-a0-1074-g0b22e4e0f1 (webtiles) character file.

Game seed: 15990176327287332224

186 Dittersdorf the Covered (level 5, -8/34 HPs)
             Began as a Gargoyle Fighter on Nov 28, 2023.
             Mangled by an orc warrior
             ... wielding a +0 war axe
              (12 damage)
             ... on level 3 of the Dungeon.
             The game lasted 00:02:24 (2788 turns).

Dittersdorf the Covered (Gargoyle Fighter)          Turns: 2788, Time: 00:02:24

Health: -8/34      AC: 15    Str: 22    XL:     5   Next: 65%
Magic:  5/5        EV:  8    Int:  8    God:
Gold:   129        SH:  4    Dex:  9    Spells: 4/4 levels left

rFire   . . .        a - +0 flail
rCold   + + .        c - +0 buckler
rNeg    + . .        i - +1 chain mail {rC+}
rPois   ∞            n - +0 helmet
rElec   +            (no cloak)
rCorr   .            (no gloves)
SInv    .            (no boots)
Will    .....        (no amulet) Stlth
                     f - ring of protection from cold
HPRegen 0.25/turn    (no ring)
MPRegen 0.09/turn

%: no passive effects
@: no status effects
A: sickness immunity, AC +4, negative energy resistance 1, electricity
resistance, torment resistance 1, petrification resistance
a: no special abilities


You were on level 3 of the Dungeon.
You visited 1 branch of the dungeon, and saw 4 of its levels.

You collected 129 gold pieces.

Inventory:

Hand Weapons
 a - a +0 flail (weapon)
Armour
 c - a +0 buckler (worn)
 i - a +1 chain mail of cold resistance (worn)
 n - a +0 helmet (worn)
Jewellery
 f - a ring of protection from cold (left hand)
Wands
 q - a wand of flame (11) (quivered)
Scrolls
 g - 2 scrolls of identify {unknown}
 p - a scroll of blinking {unknown}
Potions
 b - a potion of enlightenment {unknown}
 d - a potion of might
 e - 2 potions of berserk rage {unknown}
 h - 3 potions of attraction {unknown}
 j - a potion of resistance {unknown}
 k - a potion of heal wounds {unknown}
 l - a potion of curing {unknown}
 m - 2 potions of mutation {unknown}


   Skills:
 + Level 4.4 Fighting
 + Level 3.2 Maces & Flails
 + Level 4.4 Armour
 + Level 4.4 Shields


You had 4 spell levels left.
You didn't know any spells.
Your spell library contained the following spells:

 Spells                   Type           Power      Damage    Failure   Level
 Apportation              Tloc           0%         N/A       97%         1
 Necrotise                Necr           0%         1d4       97%         1
 Summon Small Mammal      Summ           0%         N/A       97%         1
 Dispel Undead            Necr           0%         3d6       100%        4
 Death Channel            Necr           0%         N/A       100%        6
 Cigotuvi's Dreadful Rot  Necr/Pois/Air  Unusable   N/A       N/A         2

Dungeon Overview and Level Annotations

Branches:
Dungeon (4/15)
 Temple: D:4-7

Altars:
Hepliaklqana
Wu Jian

Annotations:
D:3 1 runed translucent door, Crazy Yiuf


Innate Abilities, Weirdness & Mutations

You are immune to sickness and miasma.
Your stone body is resilient. (AC +4)
You are immune to poison.
You resist negative energy. (rN+)
You are resistant to electric shocks. (rElec)
You are resistant to unholy torment.
You are immune to petrification.


Message History

The orc warrior is heavily wounded.
You block the orc warrior's attack.
You closely miss the orc warrior.
The orc warrior is heavily wounded.
The orc warrior barely misses you. The orc warrior completely misses you.
You closely miss the orc warrior.
The orc warrior is heavily wounded.
The orc warrior hits you with a +0 war axe.
You hit the orc warrior but do no damage.
The orc warrior is heavily wounded.
The orc warrior hits you but does no damage.
You closely miss the orc warrior.
The orc warrior is heavily wounded.
The orc warrior closely misses you.
You hit the orc warrior but do no damage.
The orc warrior is heavily wounded.
The orc warrior hits you but does no damage. x2
You barely miss the orc warrior.
The orc warrior is heavily wounded.
The orc warrior hits you with a +0 war axe.
You hit the orc warrior but do no damage.
The orc warrior is heavily wounded.
The orc warrior hits you but does no damage.
You barely miss the orc warrior.
The orc warrior is heavily wounded.
You block the orc warrior's attack.
You closely miss the orc warrior.
The orc warrior is heavily wounded.
The orc warrior barely misses you. The orc warrior closely misses you.
You barely miss the orc warrior.
The orc warrior is heavily wounded.
The orc warrior hits you with a +0 war axe!
* * * LOW HITPOINT WARNING * * *
You hit the orc warrior.
The orc warrior is severely wounded.
The orc warrior closely misses you.
You hit the orc warrior.
The orc warrior is severely wounded.
The orc warrior hits you with a +0 war axe!
You die...

####...# ♣.♣♣ #......# #.#
######## ♣♣.♣ ######## #.#
..##...# ♣.♣♣ #.# ..##.#.# ♣♣.♣♣
#.# ..##...# ♣...♣♣ #.# ####...#
♣....♣ #.# ## #...# #....#
######.### .# #..## #....####
###......... .# #..#####....#@#
#...####.... .#
#..#......#.#o#####.### #.... .#
#..#.####.#.#)##....# #....
.###..#...##.#......#########....
.............#.#.###[............
PPPP..≈≈≈≈.)...#.))).........####
............#.)#####.........#
.######.#.###)>#####.........#
........#.).....##...........#


You could see an orc warrior.

Vanquished Creatures
  An orc priest (D:3)
  Ijyb (D:3)
  An orc wizard (D:3)
  Robin (D:3)
  3 adders
  A worm (D:2)
  2 dart slugs (D:3)
  4 orcs (D:3)
  3 ball pythons
  5 bats (D:1)
  3 giant cockroaches
  12 goblins
  4 hobgoblins
  6 kobolds
  5 quokkas
  A frilled lizard (D:3)
  5 rats
58 creatures vanquished.

Notes
Turn   | Place    | Note
-------+----------+-------------------------------------------
     0 | D:1      | Dittersdorf the Gargoyle Fighter began the quest for the
                  | Orb.
     0 | D:1      | Reached XP level 1. HP: 14/14 MP: 1/1
   269 | D:1      | Reached XP level 2. HP: 19/19 MP: 2/2
  1042 | D:2      | Reached XP level 3. HP: 24/24 MP: 3/3
  1255 | D:2      | Found an ornate altar of the Wu Jian Council.
  1865 | D:3      | Reached XP level 4. HP: 28/29 MP: 4/4
  2040 | D:3      | Found a hazy altar of Hepliaklqana.
  2110 | D:3      | Noticed Robin
  2110 | D:3      | Noticed Ijyb
  2124 | D:3      | Killed Ijyb
  2125 | D:3      | Reached XP level 5. HP: 20/33 MP: 5/5
  2139 | D:3      | Killed Robin
  2456 | D:3      | Found a runed translucent door.
  2457 | D:3      | Noticed Crazy Yiuf
  2564 | D:4      | Noticed an orc warrior
  2788 | D:3      | Mangled by an orc warrior

Illustrated notes

Levels and vault maps discovered:
D:1:      saegor_arrival_simple_e, layout_loops_corners
D:2:      layout_basic, basic_altar, kennysheep_nondescript,
          kennysheep_generic_room_12
D:3:      layout_basic, mainiacjoe_overflow_boulevard, nicolae_goblin_pals,
          uniq_crazy_yiuf_cottage
D:4:      layout_rooms, minmay_temple_entry_gardened_gates, serial_forest,
          infiniplex_forest_clump_small, infiniplex_forest_lined_2,
          infiniplex_forest_straight_2, infiniplex_forest_end_3,
          infiniplex_forest_end_1, infiniplex_forest_lined_4_way,
          uniq_blork_the_orc

Skill      XL: |  1  2  3  4  5 |
---------------+----------------+-----
Armour         | 4 |  4.4
Shields        | 4 |  4.4
Fighting       | 4 |  4.4
Maces & Flails | 3 |  3.2

Action                     |  1- 3 |  4- 6 || total
---------------------------+-------+-------++-------
  Melee: Flail             |   155 |    79 ||   234
  Evoke: Wand              |       |     4 ||     4
 Armour: Scale mail        |    47 |       ||    47
         Chain mail        |    72 |   117 ||   189
  Dodge: Dodged            |    62 |    50 ||   112
  Block: Buckler           |    34 |    18 ||    52

Table legend: (Time is in decaauts)
 A = Elapsed time spent in this place.
 B = Non-inter-level travel time spent in this place.
 C = Inter-level travel time spent in this place.
 D = Time resting spent in this place.
 E = Time spent auto-exploring this place.
 F = Levels seen in this place.
 G = Mean time per level.
                   A        B        C        D        E       F      G
               +--------+--------+--------+--------+--------+-----+--------+
         Total |   2859 |   2786 |     73 |    224 |   2014 |   4 |  714.8 |
       Dungeon |   2859 |   2786 |     73 |    224 |   2014 |   4 |  714.8 |
               +--------+--------+--------+--------+--------+-----+--------+

Top non-repeatable levels by time:
     D:1: 975 daAuts
     D:3: 968 daAuts
     D:2: 896 daAuts
     D:4: 18 daAuts
